 Dungeon Crawl Stone Soup version 0.13.0-19-g8e0b589 (webtiles) character file.

431 Ragg the Firebug (level 5, -1/38 HPs)
             Began as a Hill Orc Fire Elementalist on Oct 24, 2013.
             Was an Initiate of Sif Muna.
             Slain by an ogre
             ... wielding a +0,+0 giant spiked club
              (24 damage)
             ... on Level 4 of the Dungeon.
             The game lasted 00:31:44 (5160 turns).

Ragg the Firebug (Hill Orc Fire Elementalist)       Turns: 5160, Time: 00:31:44

HP  -1/38        AC  2     Str 11      XL: 5   Next: 89%
MP   6/11        EV 12     Int 16      God: Sif Muna [......]
Gold 219         SH  0     Dex 11      Spells:  2 memorised,  7 levels left

Res.Fire  : . . .   See Invis. : .   q - +2,+3 orc falchion
Res.Cold  : + . .   Warding    : .   a - +0 orc robe
Life Prot.: . . .   Conserve   : .   (no shield)
Res.Poison: .       Res.Corr.  : .   (no helmet)
Res.Elec. : .       Clarity    : .   (no cloak)
Sust.Abil.: . .     Spirit.Shd : .   (no gloves)
Res.Mut.  : .       Stasis     : .   (no boots)
Res.Rott. : .       Flight     : .   y - amulet of faith
Saprovore : + . .                    j - ring of protection from cold
                                     (no ring)

@: very slightly contaminated, slightly resistant to hostile enchantments, very
unstealthy
A: saprovore 1
a: Renounce Religion


You were on level 4 of the Dungeon.
You worshipped Sif Muna.
Sif Muna was noncommittal.
You were hungry.

You visited 2 branches of the dungeon, and saw 5 of its levels.

You collected 199 gold pieces.

Inventory:

Hand weapons
 q - a +2,+3 orcish falchion (weapon)
 z - a +2,+1 dagger of venom
Missiles
 o - 25 stones (quivered)
 r - 15 poisoned needles
 u - 8 javelins of returning
Armour
 a - a +0 orcish robe (worn)
Comestibles
 c - a meat ration
 i - 4 bread rations
 B - an apple
Scrolls
 e - a scroll of magic mapping {unknown}
 l - a scroll of remove curse
 m - 2 scrolls of enchant armour {unknown}
 n - 4 scrolls of teleportation
 v - a scroll of enchant weapon II
 w - a scroll of fog {unknown}
Jewellery
 j - a ring of protection from cold (right hand)
 s - an uncursed ring of teleportation
 x - an uncursed amulet of stasis {unknown}
 y - an amulet of faith (around neck)
Potions
 d - a potion of paralysis {unknown}
 f - 2 potions of might {unknown}
 g - a potion of heal wounds {unknown}
 h - a potion of cure mutation {unknown}
 k - 5 potions of curing
 p - a potion of degeneration {unknown}
 t - 2 potions of agility {unknown}
 C - a potion of restore abilities {unknown}
Books
 b - a book of Flames

   Spells                             Type                      Level
   *Flame Tongue                      Conjuration/Fire             1
   *Throw Flame                       Conjuration/Fire             2
   Conjure Flame                      Conjuration/Fire             3
   Inner Flame                        Hexes/Fire                   3
   Sticky Flame                       Conjuration/Fire             4
   Fireball                           Conjuration/Fire             5


   Skills:
 - Level 1.5 Dodging
 - Level 1.5 Stealth
 + Level 3.4 Spellcasting
 - Level 1.0 Conjurations
 + Level 4.9 Fire Magic


You had 7 spell levels left.
You knew the following spells:

 Your Spells              Type           Power        Failure   Level  Hunger
a - Flame Tongue          Conj/Fire      ##...        8%          1    None
b - Throw Flame           Conj/Fire      ##....       10%         2    ##.....


Dungeon Overview and Level Annotations

Branches:
Dungeon (4/27)             Temple (1/1) D:4

Altars:
Ashenzari
Cheibriados
Elyvilon
Fedhas
Kikubaaqudgha
Makhleb
Okawaru
Sif Muna
Trog
Xom
Yredelemnul
Zin
the Shining One

Annotations:
D:4 timbw's ghost, average SpGl


Innate Abilities, Weirdness & Mutations

You can tolerate rotten meat.


Message History

Aiming: Flame Tongue
Press: ? - help, Shift-Dir - straight line, f/p - ogre
Aim: an ogre, wielding a giant spiked club (moderately wounded)
The flame hits the ogre.
The ogre is heavily wounded.
The ogre hits you with a giant spiked club.
Drink which item? (? for menu, Esc to quit)
Okay, then.
Read which item? (? for menu, Esc to quit)
Okay, then.
There is an open door here.
There is an open door here.
You avoid triggering a needle trap.
There is a needle trap here.
You enter the shallow water.
Moving in this stuff is going to be slow.
A poisoned needle hits the ogre, but does no damage!
The ogre hits you with a giant spiked club!
Ouch! That really hurt!
You die...

#..#..#.##.#.##.≈≈.##.# #
#..#....###.###.≈≈.##.# #
#..#....##.## #.≈≈.##?# #
......#.#.## #.≈≈.#8(###########
.......###.## #.≈≈.#..#.......>..
........###.# #.≈≈.##.#..........
####..).# #.# #.≈≈.##.#########..
#....###.###.≈≈.##.# #..
#....##.#.##.@≈.#8.# #..
###.#^##.###.#.≈O.#..# #..
#.......####.#.≈≈^##'# #..
##.#.#.#####.##.≈≈.'..# #..
........#.#.###.≈≈.#..#########..
........#%#.# #.≈≈.#..#..........
####....##.## #.≈≈.#..###########
#....#.#####.≈≈.#..# #
#...##.###.#.≈≈.#..# #


You could see an ogre.

Vanquished Creatures
  An orc priest (D:4)
  An orc wizard (D:4)
  An adder (D:2)
  A gnoll (D:4)
  An inept feature mimic (D:4)
  2 giant mites
  A worm (D:3)
  5 giant geckos
  9 orcs
  2 giant cockroaches (D:1)
  16 goblins
  14 hobgoblins
  7 jackals
  4 quokkas
  A ball python (D:1)
  5 bats
  5 giant newts
  8 kobolds
  4 rats
88 creatures vanquished.

Vanquished Creatures (others)
  A hobgoblin (D:4)
1 creature vanquished.

Grand Total: 89 creatures vanquished

Notes
Turn   | Place    | Note
--------------------------------------------------------------
     0 | D:1      | Ragg, the Hill Orc Fire Elementalist, began the quest for the Orb.
     0 | D:1      | Reached XP level 1. HP: 14/14 MP: 3/3
   248 | D:1      | CumstainedJorts: Gnolls will fuck you up
   249 | D:1      | Ragg: yea
   252 | D:1      | CumstainedJorts: and theres usually 3 of them
   351 | D:1      | Reached XP level 2. HP: 8/20 MP: 4/4
   355 | D:1      | Learned a level 2 spell: Throw Flame
  1217 | D:1      | Ragg: uh oh
  1427 | D:1      | Reached XP level 3. HP: 13/26 MP: 0/6
  1860 | D:2      | CumstainedJorts: netter hope the tele kicks in
  1965 | D:2      | CumstainedJorts: oh nice, those are pro throwables
  1965 | D:2      | Ragg: yea
  1976 | D:2      | Ragg: lol
  2166 | D:2      | Reached XP level 4. HP: 33/33 MP: 0/8
  2877 | D:3      | Reached skill level 4 in Fire Magic
  3030 | D:3      | Found a snail-covered altar of Cheibriados.
  3443 | D:4      | Noticed timbw's ghost (average SpGl)
  3756 | D:4      | Found a staircase to the Ecumenical Temple.
  3857 | D:4      | Ragg: dang this falchion is doing work
  3857 | D:4      | Reached XP level 5. HP: 36/38 MP: 4/10
  3904 | Temple   | Entered the Ecumenical Temple
  3925 | Temple   | Ragg: who was the caster god i forgot
  3953 | Temple   | Ragg: there were like 2. sif muna and another one
  3990 | Temple   | Ragg: vehumet
  4009 | Temple   | Became a worshipper of Sif Muna the Loreminder
  4010 | Temple   | Ragg: sounds good
  4314 | D:4      | Ragg: huh i guess a ring doesnt teleport you after 3 turns or w/e
  4679 | D:4      | Ragg: Cool steam
  5133 | D:4      | Noticed an ogre
  5149 | D:4      | Ragg: ruh roh
  5160 | D:4      | Slain by an ogre

Action                   |  1- 3 |  4- 6 || total
-------------------------+-------+-------++-------
Melee: Club              |    12 |       ||    12
       Unarmed           |     1 |       ||     1
       Falchion          |       |    24 ||    24
Throw: Dart              |    83 |    80 ||   163
       Stone             |    11 |    29 ||    40
       Javelin           |     2 |       ||     2
       Club              |     1 |       ||     1
 Cast: Flame Tongue      |    52 |    91 ||   143
  Use: Scroll            |     9 |     2 ||    11
       Potion            |     1 |       ||     1
